 Dungeon Crawl Stone Soup version 0.28-a0-655-g4eb62b627b (webtiles) character file.

Game seed: 9332922940514362069

86 runemasterragnar the Magician (level 4, -5/32 HPs)
             Began as a Djinni Hedge Wizard on Oct 12, 2021.
             Killed from afar by Natasha (10 damage)
             ... with a magic dart
             ... on level 4 of the Dungeon.
             The game lasted 00:03:24 (2084 turns).

runemasterragnar the Magician (Djinni Hedge Wizard) Turns: 2084, Time: 00:03:25

Health: -5/32      AC:  2    Str:  9 (10) XL:     4   Next: 77%
Gold:   45         EV: 12    Int: 14 (16) God:
                   SH:  0    Dex: 11 (12)

rFire   + + +      SeeInvis .   a - +0 dagger
rCold   . . .      Faith    .   (no shield)
rNeg    . . .      Spirit   .   b - +0 robe
rPois   ∞          Reflect  .   c - +0 hat
rElec   +          Harm     .   (no cloak)
rCorr   +          Rampage  .   (no gloves)
Will    .....                   (boots unavailable)
Stlth   ++........              (no amulet)
HPRegen 0.10/turn               (no ring)
MPRegen 0.00/turn               (no ring)

@: mighty, resistant, flying
A: sickness immunity, fire resistance 2, cold vulnerability 1, float, innate
caster, hp casting, extra vitality 1
a: no special abilities


You were on level 4 of the Dungeon.
You visited 1 branch of the dungeon, and saw 3 of its levels.

You collected 45 gold pieces.

Inventory:

Hand Weapons
 a - a +0 dagger (weapon)
 g - a +0 mace
Armour
 b - a +0 robe (worn)
 c - a +0 hat (worn)
 m - a +0 ring mail
Jewellery
 h - an amulet of the acrobat
Scrolls
 d - a scroll of identify {unknown}
 e - 2 scrolls of enchant armour {unknown}
 f - 2 scrolls of teleportation {unknown}
 i - a scroll of torment {unknown}
 j - a scroll of enchant weapon {unknown}
 p - a scroll of blinking {unknown}


   Skills:
 + Level 1.5 Fighting
 + Level 3.0 Dodging
 + Level 2.2 Stealth
 * Level 3.1 Spellcasting


You couldn't memorise any spells.
You knew the following spells:

 Your Spells              Type           Power      Damage    Failure   Level
a - Magic Dart            Conj           44%        1d5       6%          1
b - Blink                 Tloc           N/A        N/A       9%          2
c - Call Imp              Summ           11%        N/A       9%          2
d - Slow                  Hex            11%        N/A       9%          2
e - Conjure Flame         Conj/Fire      11%        6-21      17%         3
f - Mephitic Cloud        Conj/Pois/Air  11%        N/A       17%         3
g - Animate Skeleton      Necr           22%        N/A       6%          1
Your spell library was empty.

Dungeon Overview and Level Annotations

Branches:
Dungeon (2/15)

Altars:

Annotations:
D:4 Natasha


Innate Abilities, Weirdness & Mutations

You are immune to sickness and miasma.
You are immune to poison.
Your flesh is very heat resistant. (rF++)
You are vulnerable to cold. (rC-)
You float through the air rather than walking.
You learn spells naturally, not from books.
Your magical power is your life essence.
You have superior vitality. (+4 HP)


Message History

You barely miss the phantom.
The phantom is lightly damaged.
The phantom hits you.
* * * LOW HITPOINT WARNING * * *
The phantom blinks!
You blink.
The phantom misses you.
The phantom hits you but does no damage.
The phantom hits your crimson imp.
The phantom blinks!
Your crimson imp blinks!
Your crimson imp misses the phantom.
Okay, then.
The jelly quivers.
It was a potion of curing.
You feel better.
It was a potion of degeneration.
There was something very wrong with that liquid.
You feel weakened.
You feel dopey.
You feel clumsy.
It was a potion of might.
You feel very mighty all of a sudden.
Casting: Call Imp (safe; 9% risk of failure)
Confirm with . or Enter, or press ? or * to list all spells.
Okay, then.
Casting: Call Imp (safe; 9% risk of failure)
Confirm with . or Enter, or press ? or * to list all spells.
You blink.
It was a potion of flight.
You feel more buoyant.
It was a potion of resistance.
You feel protected.
Okay, then.
Found a scroll labelled SIUSHI CYLASIS.
Natasha hisses angrily.
Found 18 gold pieces.
Natasha claws you but does no damage.
You see here a +0 mace.
g - a +0 mace Natasha misses you.
The phantom hits you.
* * * LOW HITPOINT WARNING * * *
Natasha stares at you and mumbles some strange words.
The magic dart hits you!
You die...

. .... .. ..... ... #.?.
.... .. ###...
......##......########.#
.......#..#........$....
....#.....#.....@.##...#
.W.##...................
.#.##.........W#h#.#.#.#
.#.#............J.#.......
...............#.#.#...#.#
................#....#..#.
..##...........#.#...#.#.#.
..###......##..............
.# ##.#.#####..#..##...#...


You could see a phantom, a jelly and Natasha.

Vanquished Creatures
  A hound skeleton (D:4)
  2 adders
  2 bats (D:1)
  2 endoplasms (D:2)
  3 giant cockroaches
  4 goblins
  A hobgoblin (D:1)
  3 jackals (D:1)
  A quokka (D:4)
  3 ball pythons
  A frilled lizard (D:1)
  A rat (D:1)
24 creatures vanquished.

Vanquished Creatures (collateral kills)
  A bullfrog skeleton (D:4)
1 creature vanquished.

Vanquished Creatures (others)
  A rat (D:1)
1 creature vanquished.

Grand Total: 26 creatures vanquished

Notes
Turn   | Place    | Note
-------+----------+-------------------------------------------
     0 | D:1      | runemasterragnar the Djinni Hedge Wizard began the quest
                  | for the Orb.
     0 | D:1      | Reached XP level 1. HP: 15/15 MP: 0/0
   552 | D:1      | Reached XP level 2. HP: 19/22 MP: 0/0
  1127 | D:2      | Reached XP level 3. HP: 21/26 MP: 0/0
  1127 | D:2      | Learned a level 1 spell: Animate Skeleton
  1155 | D:2      | Reached skill level 1 in Fighting
  1526 | D:2      | You are sucked into a shaft and drop 2 floors!
  1581 | D:4      | Reached XP level 4. HP: 6/32 MP: 0/0
  1982 | D:4      | Noticed a phantom
  2023 | D:4      | Noticed Natasha
  2084 | D:4      | Killed from afar by Natasha

Illustrated notes

Levels and vault maps discovered:
D:1:      minmay_arrival_jagged, layout_rooms, lemuel_flame_loot_1
D:2:      kennysheep_the_goblin_king, layout_basic, serial_shops,
          nicolae_lakefront_shop
D:4:      layout_cave_pools, kennysheep_little_box,
          nicolae_dithmenos_the_darkroom, lemuel_tele_altar,
          hangedman_decor_riveting, uniq_robin, uniq_natasha

Skill      XL: |  1  2  3  4 |
---------------+-------------+-----
Fighting       | 1 |  1.5
Stealth        | 2 |  2.2
Spellcasting   | 3 |  3.1
Dodging        | 3 |  3.0

Action                   |  1- 3 |  4- 6 || total
-------------------------+-------+-------++-------
Melee: Dagger            |     9 |    14 ||    23
 Cast: Magic Dart        |    69 |     3 ||    72
       Blink             |     1 |     1 ||     2
       Call Imp          |       |     4 ||     4
  Use: Potion            |       |     5 ||     5
Armor: Robe              |     7 |     2 ||     9
Dodge: Dodged            |    14 |    11 ||    25

Table legend: (Time is in decaauts)
 A = Elapsed time spent in this place.
 B = Non-inter-level travel time spent in this place.
 C = Inter-level travel time spent in this place.
 D = Time resting spent in this place.
 E = Time spent auto-exploring this place.
 F = Levels seen in this place.
 G = Mean time per level.
                   A        B        C        D        E       F      G
               +--------+--------+--------+--------+--------+-----+--------+
         Total |   2083 |   2051 |     32 |    489 |   1313 |   3 |  694.3 |
       Dungeon |   2083 |   2051 |     32 |    489 |   1313 |   3 |  694.3 |
               +--------+--------+--------+--------+--------+-----+--------+

Top non-repeatable levels by time:
     D:1: 1105 daAuts
     D:4: 557 daAuts
     D:2: 420 daAuts
